 Dungeon Crawl Stone Soup version 0.14.0-12-g87ee3b7 (webtiles) character file.

3074 Maka the Impaler (level 9, -7/61 HPs)
             Began as a Merfolk Gladiator on Apr 15, 2014.
             Was a Follower of Cheibriados.
             Mangled by a warg (12 damage)
             ... on Level 7 of the Dungeon.
             The game lasted 00:25:00 (6477 turns).

Maka the Impaler (Merfolk Gladiator)                Turns: 6477, Time: 00:25:01

HP  -7/61        AC 10     Str 19      XL: 9   Next: 87%
MP  18/18        EV 21     Int 10      God: Cheibriados [*.....]
Gold 20          SH  0     Dex 20      Spells:  0 memorised,  8 levels left

rFire  . . .     SeeInvis .     a - +1,+3 halberd (protect)
rCold  . . .     Clarity  .     h - +1 leather armour
rNeg   . . .     Conserve .     (no shield)
rPois  .         rCorr    +     c - -1 helmet
rElec  .         rRot     .     (no cloak)
SustAb . .       Spirit   .     B - +0 pair of gloves
rMut   .         Warding  .     (boots currently unavailable)
Saprov . . .     Stasis   .     g - amulet of resist corrosion
MR     .....                    (no ring)
                                (no ring)

@: not resistant to hostile enchantments, stealthy
A: change form in water, swift swim
a: Bend Time, Renounce Religion


You were on level 7 of the Dungeon.
You worshipped Cheibriados.
Cheibriados was aware of your devotion.
You were full.

You visited 2 branches of the dungeon, and saw 8 of its levels.

You collected 303 gold pieces.
You spent 283 gold pieces at shops.

Inventory:

Hand weapons
 a - a +1,+3 halberd of protection (weapon)
 b - a +0,+0 trident
 x - a +1,+0 vampiric trident
Missiles
 d - 2 throwing nets
 i - 5 tomahawks of returning
 w - 8 tomahawks (quivered)
Armour
 c - a -1 helmet (worn)
 h - a +1 leather armour (worn)
 B - a +0 pair of gloves (worn)
Magical devices
 y - a wand of cold (7)
 A - a wand of draining (7)
Comestibles
 f - 6 bread rations
 s - a royal jelly
Scrolls
 e - 2 scrolls of fog
 q - a scroll of enchant weapon I
 u - a scroll of blinking
 C - a scroll of identify
Jewellery
 g - an amulet of resist corrosion (around neck)
 n - an uncursed ring of fire
 v - an uncursed ring of fire
Potions
 j - a potion of curing
 k - a potion of resistance
 l - a potion of brilliance
 m - a potion of restore abilities
 p - 2 potions of berserk rage
 r - a potion of flight
 t - 2 potions of magic
Books
 z - a book of Beasts

   Spells                             Type                      Level
   Summon Butterflies                 Summoning                    1
   Call Canine Familiar               Summoning                    3
   Summon Ice Beast                   Ice/Summoning                4
   Summon Mana Viper                  Hexes/Summoning              5
   Monstrous Menagerie                Summoning                    6
   Summon Hydra                       Summoning                    7


   Skills:
 + Level 2.1 Fighting
 - Level 15.0 Polearms
 - Level 2.0 Throwing
 - Level 2.0 Armour
 - Level 7.0 Dodging
 - Level 6.2 Invocations


You had 8 spell levels left.
You didn't know any spells.

Dungeon Overview and Level Annotations

Branches:
Dungeon (7/15)             Temple (1/1) D:6

Altars:
Ashenzari
Cheibriados
Elyvilon
Kikubaaqudgha
Makhleb
Nemelex Xobeh
Okawaru
Vehumet
Xom
Yredelemnul
The Shining One

Shops:
D:4 ?   D:6 [

Annotations:
D:2 1 exclusion


Message History

* * * LOW HITPOINT WARNING * * *
The warg bites you!
* * * LOW HITPOINT WARNING * * *
Attack whom?
Press: ? - help, Dir - move target cursor, f/p - warg
Aim: a warg (severely wounded)
You closely miss the warg.
Your tail-slap misses the warg.
The warg is severely wounded.
The warg completely misses you. The warg barely misses you.
Attack whom?
Press: ? - help, Dir - move target cursor, f/p - warg
Aim: a warg (severely wounded)
You hit the warg.
Your tail-slap misses the warg.
The warg is severely wounded.
The warg misses you. x2
Drink which item? (? for menu, Esc to quit)
You feel better. The warg bites you but does no damage. The warg bites you!
* * * LOW HITPOINT WARNING * * *
The warg bites you!
You die...

##################
..........P......#
..P..............#
≈≈≈≈≈≈≈≈≈hh%≈≈....#
≈≈≈≈≈≈≈≈≈≈@≈≈≈....#
≈≈≈≈≈≈≈#####≈≈....#
..... #oho#≈≈....#
#### #...#≈≈....#
#'###≈≈....#
..#.≈≈≈....#
h###.≈≈≈....# #
#.≈≈≈....#
#.≈≈≈....#


You could see 4 wargs and an orc.

Vanquished Creatures
  Grinder (D:3)
  An ugly thing (D:6)
  The ghost of Maka the Spear-Bearer, an average MfGl (D:4)
  9 wargs (D:7)
  An orc warrior (D:6)
  A centaur (D:6)
  A black bear (D:4)
  An ogre (D:5)
  2 phantoms
  A gnoll sergeant (D:5)
  A giant frog (D:7)
  2 jellies (D:6)
  A giant frog zombie (D:6)
  2 hounds
  An iguana (D:4)
  6 orc priests
  5 orc wizards
  3 worker ants
  Ijyb (D:3)
  Jessica (D:3)
  An ogre skeleton (D:5)
  11 gnolls
  8 adders
  2 giant mites
  An inept item mimic (D:2)
  A worm (D:5)
  A giant eyeball (D:6)
  2 giant geckos (D:1)
  An ooze (D:6)
  20 orcs
  2 ball pythons
  14 bats
  5 giant cockroaches
  11 goblins
  10 hobgoblins
  12 kobolds
  A quokka (D:3)
  A giant newt (D:4)
  An orc skeleton (D:5)
  13 rats
160 creatures vanquished.

Notes
Turn   | Place    | Note
--------------------------------------------------------------
     0 | D:1      | Maka, the Merfolk Gladiator, began the quest for the Orb.
     0 | D:1      | Reached XP level 1. HP: 16/16 MP: 1/1
    68 | D:1      | Reached skill level 5 in Polearms
    70 | D:1      | Reached XP level 2. HP: 20/22 MP: 2/2
   476 | D:1      | Reached skill level 6 in Polearms
   476 | D:1      | Reached XP level 3. HP: 24/27 MP: 3/3
   944 | D:1      | Reached skill level 7 in Polearms
   944 | D:1      | Reached XP level 4. HP: 11/33 MP: 4/4
  1571 | D:3      | Noticed Ijyb
  1579 | D:3      | Killed Ijyb
  1579 | D:3      | Reached skill level 8 in Polearms
  1579 | D:3      | Reached XP level 5. HP: 38/38 MP: 5/5
  1834 | D:3      | Noticed Grinder
  1845 | D:3      | Killed Grinder
  1845 | D:3      | Reached skill level 10 in Polearms
  1845 | D:3      | Reached XP level 6. HP: 33/44 MP: 6/6
  2039 | D:3      | Noticed Jessica
  2054 | D:3      | Killed Jessica
  2211 | D:3      | Found a glowing golden altar of the Shining One.
  2485 | D:3      | Reached skill level 5 in Dodging
  2485 | D:3      | Reached XP level 7. HP: 50/50 MP: 7/7
  2650 | D:4      | Reached skill level 1 in Armour
  2664 | D:4      | Noticed Maka's ghost (average MfGl)
  3313 | D:4      | Killed Maka's ghost
  3313 | D:4      | Reached skill level 11 in Polearms
  3630 | D:3      | Reached XP level 8. HP: 56/56 MP: 8/8
  3659 | D:4      | Found Pyreiph's Magic Scroll Shop.
  3667 | D:4      | Bought a scroll of identify for 26 gold pieces
  3667 | D:4      | Bought a scroll of identify for 26 gold pieces
  3667 | D:4      | Bought a scroll of blinking for 97 gold pieces
  3667 | D:4      | Bought a scroll of identify for 26 gold pieces
  3917 | D:5      | Entered Level 5 of the Dungeon
  3954 | D:5      | Found a sparkling altar of Nemelex Xobeh.
  4112 | D:5      | Reached skill level 12 in Polearms
  4353 | D:5      | Reached skill level 13 in Polearms
  5028 | D:6      | Found a staircase to the Ecumenical Temple.
  5034 | Temple   | Entered the Ecumenical Temple
  5086 | Temple   | Became a worshipper of Cheibriados the Contemplative
  5142 | D:6      | Found Plutrasm's Antique Armour Shop.
  5208 | D:6      | Bought a pair of gloves for 108 gold pieces
  5377 | D:6      | Reached skill level 14 in Polearms
  5494 | D:6      | Reached XP level 9. HP: 39/61 MP: 9/9
  5984 | D:7      | Reached skill level 15 in Polearms
  5984 | D:7      | HP: 3/61 [orc/mace (7)]
  6145 | D:7      | Reached skill level 1 in Invocations
  6419 | D:7      | Reached skill level 5 in Invocations
  6477 | D:7      | Mangled by a warg

Action                   |  1- 3 |  4- 6 |  7- 9 || total
-------------------------+-------+-------+-------++-------
Melee: Trident           |    99 |    36 |     4 ||   139
       Halberd           |       |    61 |   406 ||   467
Throw: Throwing net      |       |     2 |       ||     2
       Tomahawk          |       |       |    11 ||    11
Evoke: Wand              |       |       |     2 ||     2
  Use: Scroll            |       |     7 |    12 ||    19
       Potion            |       |       |     2 ||     2
 Stab: Sleeping          |       |     1 |       ||     1
